 Dungeon Crawl Stone Soup version 0.29.1-15-g9cfb28693d (webtiles) character file.

Game seed: 7748189084281187367

2 javelincjr the Conjurer (level 1, -2/11 HPs)
             Began as an Octopode Conjurer on Apr 2, 2023.
             Frozen to death by an endoplasm (5 damage)
             ... on level 1 of the Dungeon.
             The game lasted 00:00:45 (293 turns).

javelincjr the Conjurer (Octopode Conjurer)          Turns: 293, Time: 00:00:46

Health: -2/11      AC:  1    Str:  6    XL:     1   Next: 30%
Magic:  3/3        EV: 13    Int: 20    God:
Gold:   12         SH:  0    Dex: 10    Spells: 3/4 levels left

rFire   . . .      SeeInvis .   (no weapon)
rCold   . . .      Faith    .   (no shield)
rNeg    . . .      Spirit   .   (helmet restricted)
rPois   .          Reflect  .   (no amulet)
rElec   .          Harm     .   (no ring)
rCorr   .          Rampage  .   (no ring)
Will    .....                   (no ring)
Stlth   +++.......              (no ring)
HPRegen 0.03/turn               (no ring)
MPRegen 0.08/turn               (no ring)
                                (no ring)
                                (no ring)

@: no status effects
A: almost no armour, amphibious, 8 rings, camouflage 1, gelatinous body 1,
(nimble swimmer 1), tentacles
a: no special abilities


You were on level 1 of the Dungeon.
You visited 1 branch of the dungeon, and saw 1 of its levels.

You collected 12 gold pieces.

Inventory:

Scrolls
 b - a scroll of identify {unknown}
 c - a scroll of enchant weapon {unknown}
Potions
 a - a potion of magic


   Skills:
 + Level 0.0 Fighting
 + Level 2.0 Dodging
 + Level 2.7 Stealth
 + Level 0.0 Unarmed Combat
 * Level 2.0 Spellcasting
 * Level 4.0 Conjurations


You had 3 spell levels left.
You knew the following spells:

 Your Spells              Type           Power      Damage    Failure   Level
a - Magic Dart            Conj           72%        1d6       3%          1

Your spell library contained the following spells:

 Spells                   Type           Power      Damage    Failure   Level
 Searing Ray              Conj           36%        2d5       4%          2
 Dazzling Flash           Conj/Hex       20%        N/A       21%         3
 Fulminant Prism          Conj/Hex       5%         3d7       56%         4
 Iskenderun's Mystic Bla  Conj/Tloc      10%        2d4       56%         4


Dungeon Overview and Level Annotations

Branches:
Dungeon (1/15)

Altars:


Innate Abilities, Weirdness & Mutations

You cannot wear most types of armour.
You are amphibious.
You can wear up to eight rings at the same time.
Your skin changes colour to match your surroundings (Stealth+).
Your rubbery body absorbs attacks. (AC +1, EV +1)
((You are camouflaged when in or above water. (Stealth+)))
You have tentacles for arms and can constrict up to eight enemies at once.


Message History

Found a chain mail.
You see here a +0 chain mail.
A rat comes into view.
Found a stone staircase leading down.
An endoplasm comes into view.
The endoplasm quivers.
The rat closely misses you.
You tentacle-slap the rat. Your grab misses the rat.
The rat is heavily wounded.
The rat completely misses you.
You closely miss the rat. Your grab misses the rat.
The rat is heavily wounded.
The rat barely misses you. The endoplasm closely misses you.
You barely miss the rat. Your grab misses the rat.
The rat is heavily wounded.
The rat closely misses you. The endoplasm hits you.
You closely miss the rat. You grab the rat.
The rat is heavily wounded.
You constrict the rat, but do no damage.
The rat bites you. The endoplasm freezes you.
You are frozen.
You are too injured to fight recklessly!
You are too injured to fight recklessly!
You are too injured to fight recklessly!
You are too injured to fight recklessly!
You are too injured to fight recklessly!
You are too injured to fight recklessly!
You tentacle-slap the rat but do no damage.
The rat is heavily wounded.
You constrict the rat, but do no damage.
The rat bites you. The endoplasm hits you.
* * * LOW HITPOINT WARNING * * *
You tentacle-slap the rat but do no damage.
The rat is heavily wounded.
You constrict the rat.
You kill the rat!
The endoplasm freezes you.
You are frozen.
You die...

... ...#
...8.....8(....
...#
...............
...............
.....>...^.....
###
...............
+..
...............
###
...8...†.8.....
......J@.......
#######.###....
#.# . #.# #.#
#.# #.# #.# #.#


You could see an endoplasm.

Vanquished Creatures
  A kobold (D:1)
  A bat (D:1)
  A rat (D:1)
3 creatures vanquished.

Notes
Turn   | Place    | Note
-------+----------+-------------------------------------------
     0 | D:1      | javelincjr the Octopode Conjurer began the quest for the
                  | Orb.
     0 | D:1      | Reached XP level 1. HP: 11/11 MP: 3/3
   293 | D:1      | Frozen to death by an endoplasm

Illustrated notes

Levels and vault maps discovered:
D:1:      eino_arrival_cavern_e, layout_basic, st_stairs_1

Action                   || total
-------------------------++-------
Melee: Unarmed           ||    10
       Constrict         ||     2
       Tentacles         ||     2
 Stab: Sleeping          ||     1
Dodge: Dodged            ||     7
